 Dungeon Crawl Stone Soup version 0.29.1-12-g30fa7ad0bf (webtiles) character file.

Game seed: 4661774114131456709

3096 javelincjr the Thaumaturge (level 10, -1/58 HPs)
             Began as a Djinni Summoner on Dec 21, 2022.
             Was a Follower of Hepliaklqana.
             Slain by a wolf (3 damage)
             ... summoned by the player character
             ... on level 6 of the Dungeon on Dec 22, 2022.
             The game lasted 00:59:47 (6871 turns).

javelincjr the Thaumaturge (Djinni Summoner)        Turns: 6871, Time: 00:59:48

Health: -1/58      AC:  2    Str:  9    XL:     10   Next: 13%
Gold:   124        EV: 13    Int: 19    God:    Hepliaklqana [*.....] SH:  0 Dex: 14

rFire   + + +      SeeInvis .   q - +2 trident (flame)
rCold   . . .      Faith    .   (no shield)
rNeg    . . .      Spirit   .   a - +0 robe
rPois   ∞          Reflect  .   (no helmet)
rElec   .          Harm     .   s - scarf {rC+ rF+}
rCorr   +          Rampage  .   (no gloves)
Will    +....                   (boots unavailable)
Stlth   ++........              (no amulet)
HPRegen 0.19/turn               n - ring of wizardry
MPRegen 0.00/turn               u - ring of resist corrosion

@: flying
A: reduced essence, sickness immunity, fire resistance 2, cold vulnerability 1,
float, innate caster, HP casting, extra vitality 1
a: Renounce Religion, Recall Ancestor, Ancestor Identity


You were on level 6 of the Dungeon.
You worshipped Hepliaklqana.
Hepliaklqana was aware of your devotion.
You visited 2 branches of the dungeon, and saw 7 of its levels.

You collected 364 gold pieces.
You spent 240 gold pieces at shops.

Inventory:

Hand Weapons
 b - a +0 dagger
 c - a +0 dagger of venom
 q - a +2 trident of flaming (weapon)
Missiles
 g - 2 throwing nets
 k - 3 boomerangs
 p - 30 stones
Armour
 a - a +0 robe (worn)
 e - a +1 cloak
 h - a +0 buckler
 s - a scarf of resistance (worn)
 y - an orb of mayhem
Jewellery
 n - a ring of wizardry (left hand)
 u - a ring of resist corrosion (right hand)
Wands
 j - a wand of digging (6)
Scrolls
 f - 2 scrolls of identify
 i - a scroll of vulnerability {unknown}
 l - 3 scrolls of teleportation
 o - 3 scrolls of blinking {unknown}
 v - a scroll of fear
 w - a scroll of immolation {unknown}
 A - a scroll of brand weapon {unknown}
Potions
 d - 2 potions of berserk rage
 m - 2 potions of curing
 r - 2 potions of might {unknown}
 t - a potion of heal wounds {unknown}
 x - a potion of degeneration {unknown}
 z - a potion of lignification {unknown}


   Skills:
 + Level 2.6 Fighting
 + Level 0.4 Short Blades
 + Level 3.3 Polearms
 + Level 3.2 Dodging
 + Level 3.7 Stealth
 + Level 1.3 Shields
 + Level 0.1 Unarmed Combat
 + Level 9.4 Spellcasting


You had 5 spell levels left.
You knew the following spells:

 Your Spells              Type           Power      Damage    Failure   Level
a - Summon Small Mammal   Summ           100%       N/A       1%          1
b - Call Imp              Summ           45%        N/A       1%          2
c - Call Canine Familiar  Summ           45%        N/A       1%          3
d - Summon Guardian Gole  Hex/Summ       45%        N/A       1%          3
e - Summon Lightning Spi  Summ/Air       45%        N/A       1%          4
f - Apportation           Tloc           90%        N/A       1%          1
g - Static Discharge      Conj/Air       45%        3-9/arc   1%          2
h - Poisonous Vapours     Pois/Air       90%        N/A       1%          2
i - Summon Ice Beast      Ice/Summ       45%        N/A       1%          4
Your spell library was empty.

Dungeon Overview and Level Annotations

Branches:
Dungeon (6/15)             Temple (1/1) D:4

Altars:
Cheibriados
Hepliaklqana
Makhleb
Qazlal
Ru
Trog
Xom
Yredelemnul
Zin
The Shining One

Shops:
D:5 *


Innate Abilities, Weirdness & Mutations

Your life essence is reduced to manifest your ancestor. (-10% HP)
You are immune to sickness and miasma.
You are immune to poison.
Your flesh is very heat resistant. (rF++)
You are vulnerable to cold. (rC-)
You float through the air rather than walking.
You learn spells naturally, not from books.
Your magical power is your life essence.
You have superior vitality. (+4 MHP)


Message History

Okay, then.
Okay, then.
The wolf closely misses you. The wolf bites you.
Keep disrobing?
You start removing your armour.
You continue taking off your orb of mayhem.
The wolf closely misses you. The wolf completely misses you.
The wolf closely misses you.
You continue taking off your orb of mayhem.
The wolf barely misses you. The wolf bites you!
You continue taking off your orb of mayhem.
The wolf barely misses you. The wolf completely misses you.
The wolf closely misses you.
You continue taking off your orb of mayhem.
The wolf closely misses you. The wolf bites you!
* * * LOW HITPOINT WARNING * * *
The wolf misses you.
You finish taking off your orb of mayhem.
Casting: Poisonous Vapours (safe; 1% risk of failure)
Confirm with . or Enter, or press ? or * to list all spells.
* * * LOW HITPOINT WARNING * * *
The wolf closely misses you. The wolf bites you.
* * * LOW HITPOINT WARNING * * *
Casting: Call Canine Familiar (safe; 1% risk of failure)
Confirm with . or Enter, or press ? or * to list all spells.
* * * LOW HITPOINT WARNING * * *
Your wolf disappears in a puff of smoke!
The wolf barely misses you. The wolf completely misses you.
The wolf closely misses you. What are your orders? t - Shout!
Orders for allies: a - Attack new target. r - Retreat! s - Stop attacking. g - Guard the area. f - Follow me.
Anything else - Cancel.
Gang up on whom?
Press: ? - help, Dir - move target, f - wolf
Aim: a wolf (lightly wounded, summoned, fast, strong, frenzied and insane, ally target) Attack!
The wolf closely misses you. The wolf bites you.
You die...

#..#.......########..#.#
####.......#........## #
.. ..>.....#........#
..........)#........#
........####........#
........########'#####
..########.......h...# .
#......h...?#
#.....)@....#
#............#
.............#
.............#
.............#
.............#
...............
.........§§....


You could see a neutral wolf (summoned, fast, strong, insane, ally target) and a
friendly hound (summoned).

Vanquished Creatures
  Eustachio (D:5)
  A black bear (D:5)
  3 scorpions
  An orc wizard (D:5)
  2 adders
  An adder zombie (D:3)
  An adder skeleton (D:3)
  2 worms
  A dart slug (D:4)
  2 orcs
  2 endoplasms (D:1)
  2 giant cockroaches
  2 goblins
  2 hobgoblins
  2 ball pythons
  2 kobolds
  A rat (D:3)
28 creatures vanquished.

Vanquished Creatures (collateral kills)
  2 two-headed ogres (D:5)
  A yak (D:5)
  A steam dragon (D:6)
  A black bear (D:4)
  An ogre (D:5)
  2 phantoms
  A centaur (D:6)
  A bullfrog (D:6)
  A necrophage (D:5)
  A howler monkey (D:5)
  2 jellies
  A hound (D:5)
  An orc priest (D:4)
  An iguana (D:4)
  An ancestor (D:6)
  An orc wizard (D:5)
  A hound zombie (D:3)
  5 adders (D:2)
  2 ufetubi
  An adder skeleton (D:3)
  2 worms (D:2)
  2 dart slugs (D:1)
  11 orcs
  7 ball pythons
  5 endoplasms
  A giant cockroach (D:3)
  5 goblins
  6 hobgoblins
  3 jackals (D:3)
  6 quokkas
  A ball python skeleton (D:3)
  4 bats
  A frilled lizard (D:1)
  3 kobolds
  5 rats
90 creatures vanquished.

Vanquished Creatures (others)
  2 ogres (D:5)
  A howler monkey (D:5)
  An orc priest (D:5)
  Terence (D:2)
  An ufetubus (D:5)
  A withered plant (D:3)
7 creatures vanquished.

Grand Total: 125 creatures vanquished

Notes
Turn   | Place    | Note
-------+----------+-------------------------------------------
     0 | D:1      | javelincjr the Djinni Summoner began the quest for the Orb.
     0 | D:1      | javelincjr set off with the following spells memorised:
                  | Summon Small Mammal, Call Imp, Call Canine Familiar, Summon
                  | Guardian Golem, Summon Lightning Spire.
     0 | D:1      | Reached XP level 1. HP: 15/15 MP: 0/0
   169 | D:1      | Reached XP level 2. HP: 9/21 MP: 0/0
   728 | D:1      | Reached XP level 3. HP: 16/26 MP: 0/0
   728 | D:1      | Learned a level 1 spell: Apportation
  1374 | D:2      | Noticed Terence
  1400 | D:2      | Killed Terence
  1401 | D:2      | Reached skill level 4 in Spellcasting
  1401 | D:2      | Reached XP level 4. HP: 21/31 MP: 0/0
  1944 | D:2      | Reached XP level 5. HP: 32/36 MP: 0/0
  1944 | D:2      | Learned a level 2 spell: Static Discharge
  3393 | D:3      | Reached XP level 6. HP: 37/41 MP: 0/0
  3472 | D:4      | Noticed a black bear
  3482 | D:3      | Reached skill level 1 in Fighting
  3482 | D:3      | Reached skill level 5 in Spellcasting
  3800 | D:4      | Reached skill level 1 in Polearms
  3840 | D:4      | Found a staircase to the Ecumenical Temple.
  3862 | D:4      | Reached XP level 7. HP: 21/47 MP: 0/0
  3862 | D:4      | Learned a level 2 spell: Poisonous Vapours
  4041 | Temple   | Entered the Ecumenical Temple
  4041 | Temple   | Found a transporter.
  4041 | Temple   | Found a transporter.
  4043 | Temple   | Found a transporter.
  4043 | Temple   | Found a transporter.
  4098 | Temple   | Became a worshipper of Hepliaklqana the Forgotten
  4310 | D:4      | Found a sacrificial altar of Ru.
  4716 | D:5      | Entered Level 5 of the Dungeon
  5040 | D:5      | Reached XP level 8. HP: 40/54 MP: 0/0
  5141 | D:5      | Reached skill level 6 in Spellcasting
  5198 | D:5      | Noticed Eustachio
  5211 | D:5      | Reached skill level 1 in Shields
  5213 | D:5      | Noticed a yak
  5225 | D:5      | Killed a yak
  5234 | D:5      | Noticed a two-headed ogre
  5237 | D:5      | Noticed a two-headed ogre
  5644 | D:5      | Reached skill level 7 in Spellcasting
  5678 | D:5      | Reached XP level 9. HP: 23/58 MP: 0/0
  5678 | D:5      | Learned a level 4 spell: Summon Ice Beast
  5701 | D:5      | Killed a two-headed ogre
  5702 | D:5      | Reached skill level 8 in Spellcasting
  5712 | D:5      | Killed Eustachio
  5995 | D:5      | Killed a two-headed ogre
  5996 | D:5      | Reached skill level 9 in Spellcasting
  5996 | D:5      | Reached XP level 10. HP: 28/65 MP: 0/0
  6355 | D:5      | Reached * piety under Hepliaklqana
  6388 | D:5      | Found Gatiess's Assorted Antiques.
  6395 | D:5      | Bought a runed orb for 240 gold pieces
  6668 | D:6      | Found a basalt altar of Yredelemnul.
  6871 | D:6      | Slain by a wolf

Illustrated notes

Levels and vault maps discovered:
D:1:      dpeg_arrival_long_road, layout_basic, serial_glass, glass_columns_a,
          glass_columns_a, minmay_lizard_pond
D:2:      layout_rooms, minmay_pentomino_pile, uniq_terence
D:3:      layout_basic, serial_undead, serial_undead_f, serial_undead_c,
          serial_undead_d, serial_undead_d
D:4:      layout_rooms, overflow_temple_1_default,
          mainiacjoe_overflow_cross_hatched,
          minmay_temple_entry_statues_fountains, minmay_misc_feat_doors,
          kennysheep_generic_room_8
D:5:      cheibrodos_fzero, layout_basic, serial_shops, shop, uniq_eustachio
D:6:      layout_basic, mainiacjoe_overflow_alcove_1,
          mainiacjoe_overflow_catwalk, ebering_ghost_sewer_d,
          nicolae_elemental_shop, chequers_serial_rivers_micro_d,
          lexackson_kobold_supper
Temple:   hellmonk_temple_divided_pantheon

Skill      XL: |  1  2  3  4  5  6  7  8  9 |
---------------+----------------------------+-----
Spellcasting   | 4 5 7 9 |  9.4
Stealth        | 2 3 |  3.7
Fighting       | 1 2 |  2.6
Polearms       | 1 2 3 |  3.3
Shields        | 1 |  1.3
Dodging        | 3 |  3.2
Short Blades   | |  0.4
Unarmed Combat | |  0.1

Action                   |  1- 3 |  4- 6 |  7- 9 | 10-12 || total
-------------------------+-------+-------+-------+-------++-------
Melee: Unarmed           |     9 |       |       |       ||     9
       Dagger            |    11 |    14 |       |       ||    25
       Trident           |       |    33 |    18 |     7 ||    58
 Cast: Summon Small Mamm |    33 |    56 |    14 |       ||   103
       Call Imp          |     5 |    22 |    10 |     1 ||    38
       Summon Guardian G |     1 |     7 |    15 |     3 ||    26
       Call Canine Famil |     1 |     3 |    12 |     3 ||    19
       Summon Lightning  |       |     1 |     4 |       ||     5
       Poisonous Vapours |       |       |    15 |     2 ||    17
       Summon Ice Beast  |       |       |     2 |       ||     2
  Use: Scroll            |       |       |     8 |       ||     8
 Stab: Distracted        |     1 |     1 |       |       ||     2
       Sleeping          |       |     5 |     1 |       ||     6
Armor: Robe              |     2 |    12 |       |       ||    14
Dodge: Dodged            |     8 |    33 |    26 |    20 ||    87
Block: Buckler           |       |     8 |     3 |       ||    11
